 Dungeon Crawl Stone Soup version 0.19-a0-1851-g3228ea0 (webtiles) character file.

557403 hairmachine the Ruinous (level 25, -7/147 HPs)
             Began as a Deep Elf Fire Elementalist on Oct 9, 2016.
             Was a High Priest of Sif Muna.
             Killed themself with a badly aimed great blast of fire (44 damage)
             ... on level 2 of the Abyss on Oct 17, 2016.
             The game lasted 10:57:14 (108148 turns).

hairmachine the Ruinous (DEFE)                    Turns: 108148, Time: 10:57:17

Health: -7/147     AC: 22    Str:  5    XL:     25   Next: 74%
Magic:  12/62      EV: 17    Int: 35    God:    Sif Muna [*****.]
Gold:   3485       SH: 13    Dex: 15    Spells: 11 memorised, 21 levels left

rFire  + + .     SeeInvis .     E - staff of fire {rF+ !a}
rCold  + . .     Gourm    .     b - +6 mottled dragon scales {rSticky}
rNeg   . . .     Faith    .     d - +1 shield "Keuroham" {+Fly rPois rC+}
rPois  +         Spirit   .     f - +2 hat
rElec  +         Dismiss  .     I - +1 cloak
rCorr  .         Reflect  .     D - +2 pair of gloves "Gygyos" {rElec rF+ Int+2}
MR     ++...     Harm     .     Q - +2 pair of boots of the Assassin {DetectMon Stab+ Stlth++}
Stlth  ++++......               r - amulet of regeneration
                                C - ring of magical power {MP+9}
                                w - ring of wizardry {wiz+, !d}

@: about to teleport, non-regenerating, mildly diseased, repel missiles
A: no striking features
a: Divine Energy, Channel Magic, Forget Spell, Renounce Religion, Evoke Flight
}: 2/15 runes: decaying, gossamer


You were on level 2 of the Abyss.
You worshipped Sif Muna.
Sif Muna was extremely pleased with you.
You were not hungry.

You visited 10 branches of the dungeon, and saw 44 of its levels.
You visited the Abyss 1 time.

You collected 4397 gold pieces.
You spent 912 gold pieces at shops.


   Skills:
 + Level 12.3 Fighting
 - Level 2.0 Armour
 - Level 12.7 Dodging
 - Level 2.4 Stealth
 - Level 13.3 Shields
 - Level 24.8 Spellcasting
 - Level 25.4 Conjurations
 - Level 7.6 Charms
 - Level 3.4 Translocations
 - Level 24.2 Fire Magic
 - Level 2.1 Earth Magic
 - Level 4.5 Invocations


You had 21 spell levels left.
You knew the following spells:

 Your Spells              Type           Power        Failure   Level  Hunger
a - Throw Flame           Conj/Fire      ######       0%          2    None
b - Fire Storm            Conj/Fire      ########..   4%          9    ####...
c - Sticky Flame          Conj/Fire      ########     0%          4    None
d - Fireball              Conj/Fire      ########..   0%          5    None
e - Stone Arrow           Conj/Erth      ######       0%          3    None
f - Iskenderun's Battles  Conj/Chrm      ########     1%          5    None
g - Orb of Destruction    Conj           ########..   1%          7    None
h - Ring of Flames        Chrm/Fire      ########..   1%          7    None
l - Bolt of Fire          Conj/Fire      ########..   1%          6    None
r - Repel Missiles        Chrm/Air       ######       1%          2    None
B - Blink                 Tloc           N/A          1%          2    None

Inventory:

Armour
 b - +6 mottled dragon scales (worn) {rSticky}
   (You found it on level 11 of the Dungeon)
 d - the +1 shield "Keuroham" (worn) {+Fly rPois rC+}
   (You bought it in a shop on level 2 of the Orcish Mines)

   It protects you from cold.
   It protects you from poison.
   It lets you fly.
 f - a +2 hat (worn)
   (You found it on level 4 of the Depths)
 D - the +2 pair of gloves "Gygyos" (worn) {rElec rF+ Int+2}
   (You found it on level 4 of the Spider Nest)

   It affects your intelligence (+2).
   It protects you from fire.
   It insulates you from electricity.
 I - a +1 cloak (worn)
   (You found it on level 2 of the Depths)
 Q - the +2 pair of boots of the Assassin (worn) {DetectMon Stab+ Stlth++}
   (You found it on level 2 of the Lair of Beasts)

   It makes you much more stealthy.
 X - a +2 buckler
   (You found it on level 4 of the Lair of Beasts)
Magical Staves
 E - an uncursed staff of fire (weapon) {rF+ !a}
   (You found it on level 6 of the Lair of Beasts)
Jewellery
 r - an amulet of regeneration (around neck)
   (You found it on level 9 of the Dungeon)
 v - the ring "Jofeson" {+Fly rF+ rN+ Str+2}
   (You took it off Jory on level 2 of the Depths)

   [ring of flight]

   It affects your strength (+2).
   It protects you from fire.
   It protects you from negative energy.
   It lets you fly.
 w - a ring of wizardry (left hand) {wiz+, !d}
   (You bought it in a shop on level 2 of the Orcish Mines)
 x - a +6 ring of protection
   (You found it on level 5 of the Dungeon)
 C - a ring of magical power (right hand) {MP+9}
   (You found it on level 2 of the Swamp)
Wands
 i - a wand of disintegration (19/24)
   (You found it on level 2 of the Dungeon)
 T - a wand of teleportation (5/9) {!d}
   (You found it on level 1 of the Lair of Beasts)
Scrolls
 a - a scroll of amnesia {!r}
 g - 2 scrolls of fear {!r}
 l - 2 scrolls of magic mapping {!r}
 m - 15 scrolls of remove curse {!r}
 p - a scroll of enchant weapon {!r}
 q - 8 scrolls of identify {!r}
 s - 9 scrolls of fog {!r}
 t - 3 scrolls of teleportation {!r}
 N - 2 scrolls of summoning {!r}
Potions
 h - 2 potions of agility {!q}
 n - 2 potions of magic {!q}
 o - 9 potions of curing {!q}
 y - 2 potions of resistance {!q}
 z - 3 potions of flight {!q}
 A - 4 potions of ambrosia {!q}
 F - 4 potions of brilliance {!q}
 G - 2 potions of might {!q}
 K - 2 potions of invisibility {!q}
 O - 2 potions of haste {!q}
 P - 3 potions of cure mutation {!q}
 U - a potion of beneficial mutation {!q}
Books
 e - Roelua's Tome of Creative Snow {god gift}
   (Sif Muna gifted it to you on level 4 of the Vaults)

   Spells                             Type                      Level
   a - Freeze                         Ice                          1
   b - Summon Ice Beast               Ice/Summoning                4
   c - Summon Demon                   Summoning                    5
   d - Malign Gateway                 Summoning/Translocation      7
   e - Summon Horrible Things         Summoning                    8
   f - Dragon's Call                  Summoning                    9
 k - Sif Muna's Almanac of Weightlessness {god gift}
   (Sif Muna gifted it to you on level 5 of the Vaults)

   Spells                             Type                      Level
   a - Lightning Bolt                 Conjuration/Air              5
   b - Poisonous Cloud                Conjuration/Poison/Air       6
   c - Chain Lightning                Conjuration/Air              8
   d - Tornado                        Air                          9
 B - Sif Muna's Handbook of Conjuration {god gift}
   (Sif Muna gifted it to you on level 2 of the Depths)

   Spells                             Type                      Level
   a - Bolt of Draining               Conjuration/Necromancy       5
   b - Bolt of Fire                   Conjuration/Fire             6
   c - Orb of Destruction             Conjuration                  7
   d - Glaciate                       Conjuration/Ice              9
Comestibles
 c - 19 bread rations
 j - a beef jerky
 S - 13 fruits

Dungeon Overview and Level Annotations

Branches:
Dungeon (15/15)            Temple (1/1) D:4            Lair (6/6) D:11
  Swamp (4/4) Lair:2       Spider (4/4) Lair:2        Slime (0/5) Lair:6
    Orc (2/2) D:11            Elf (1/3) Orc:2        Vaults (5/5) D:14
  Crypt (0/3) Vaults:2     Depths (5/5) D:15           Hell (1/1)
    Zot (0/5) Depths:5
    Dis: Hell:1         Geh: Hell:1         Coc: Hell:1         Tar: Hell:1

Altars:
Ashenzari
Cheibriados
Dithmenos
Elyvilon
Fedhas
Hepliaklqana
Kikubaaqudgha
Makhleb
Nemelex Xobeh
Okawaru
Qazlal
Ru
Sif Muna
Trog
Uskayaw
Vehumet
Xom
Yredelemnul
Zin
The Shining One
Lugonu

Shops:
D:4 (   D:6 !   D:14 ?   Orc:2 }[*(*:   Vaults:2 }}(   Vaults:3 (
Depths:1 }==   Depths:4 [[

Portals:
Hell: Depths:1 Depths:2 Depths:3 Depths:4 Depths:5
Abyss: Depths:4
Pandemonium: Depths:3 Depths:4
Ziggurat: Depths:1

Annotations:
D:2 exclusion: gnoll, Terence
D:5 exclusion: door
D:7 exclusion: door
Lair:1 Fannar
Lair:3 exclusion: door, Harold
Lair:4 1 exclusion, ilikecats's ghost, journeyman HOFE
Depths:1 1 exclusion
Hell Geryon

{ . { ##.§§§v§§§#
#{.##.##.v§§§§§@#
##.
##...§v#§v.#....#
..
.##.#......##....#
#.. #..#......#
....# ### #
##......# #.#...
..##.{##......#
#...## .
.....###..##.#
..#.#
.......x..### ..
#. .# ..........
.....# .......
......... .......
#.. #...
........## ### #.
........# .# # ...
..# ## ..... ..


You could see 7 friendly fire vortices.


Message History

You blow up the hellion!
An Executioner comes into view.
The Executioner gestures.
The Executioner seems to speed up.
The Executioner gestures.
The Executioner gestures. x2
You block the small abomination's attack.
You feel ill.
The Executioner gestures.
The Executioner gestures.
You block the Executioner's attack.
The Executioner hits you but does no damage. x3
You block the Executioner's attack. x2
A sixfirhy comes into view.
The Executioner gestures.
You block the Executioner's attack. x2
The Executioner hits you but does no damage.
Casting: Orb of Destruction
Confirm with . or Enter, or press ? or * to list all spells.
You blink.
The Executioner gestures.
The sixfirhy hits you.
* * * LOW HITPOINT WARNING * * *
The sixfirhy shocks you. You resist.
* * * LOW HITPOINT WARNING * * *
A large abomination comes into view.
Damage: -5%(-7hp) hp: 47%(69hp)
Casting: Blink
Confirm with . or Enter, or press ? or * to list all spells.
Aiming: Orb of Destruction
Press: ? - help, Shift-Dir - straight line, f - Executioner
Aim: an Executioner (fast)
The sixfirhy hits you but does no damage.
The sixfirhy barely misses you.
The Executioner gestures.
The sixfirhy misses you. The sixfirhy closely misses you.
You block the sixfirhy's attack. x2
The orb of destruction hits the Executioner.
You blow up the Executioner!
You block the sixfirhy's attack.
Casting: Orb of Destruction
Confirm with . or Enter, or press ? or * to list all spells.
Aiming: Bolt of Fire
Press: ? - help, Shift-Dir - straight line, f - sixfirhy
Aim: a sixfirhy You feel a surge of power!
The bolt of fire misses the sixfirhy.
Casting: Bolt of Fire
Confirm with . or Enter, or press ? or * to list all spells.
You blink.
You block the sixfirhy's attack.
The sixfirhy hits you but does no damage.
The sixfirhy barely misses you. The large abomination misses you.
The sixfirhy hits you.
* * * LOW HITPOINT WARNING * * *
The sixfirhy shocks you. You resist.
* * * LOW HITPOINT WARNING * * *
The sixfirhy hits you!
* * * LOW HITPOINT WARNING * * *
The sixfirhy shocks you. You resist.
* * * LOW HITPOINT WARNING * * *
You block the sixfirhy's attack.
Huge Dmg: -12%(-18hp) hp: 35%(51hp) Evoke which item? (* to show all) (? for menu, Esc to quit)
That item cannot be evoked!
Evoke which item? (* to show all) (? for menu, Esc to quit)
Zapping:
T - a wand of teleportation (6/9) {!d}
Press: ? - help, Shift-Dir - straight line, f - you, p - sixfirhy You feel strangely unstable.
You feel the power of the Abyss delaying your translocation!
This wand has 5 charges left.
You block the large abomination's attack.
The small abomination hits you but does no damage.
The sixfirhy hits you!
* * * LOW HITPOINT WARNING * * *
The sixfirhy shocks you. You resist.
* * * LOW HITPOINT WARNING * * *
You block the sixfirhy's attack.
Huge Dmg: -9%(-14hp) hp: 26%(37hp)
Casting: Blink
Confirm with . or Enter, or press ? or * to list all spells.
Aiming: Fire Storm
Press: ? - help, Dir - move target cursor You feel a surge of power!
That beam is likely to hit you.
Continue anyway? [Y]es or [N]o only, please.
That beam is likely to hit you.
Continue anyway?
A raging storm of fire appears!
The great blast of fire engulfs the white imp.
The white imp is burned terribly!
You kill the white imp!
The great blast of fire engulfs the ancient zyme.
You destroy the ancient zyme!
The great blast of fire engulfs the large abomination.
You destroy the large abomination!
The great blast of fire engulfs the small abomination.
You destroy the small abomination!
The great blast of fire engulfs the sixfirhy.
You kill the sixfirhy!
The great blast of fire engulfs you! You partially resist.
You die...

Vault maps used:
D:1:      dpeg_arrival_pits
D:2:      nicolae_overflow_crystal_walls, uniq_terence
D:3:      lemuel_coloured_pillars_altar, serial_bayou, serial_bayou_shore_b,
          serial_bayou_pond_d, serial_bayou_shore_a, serial_bayou_lake_a,
          grunt_ministairs_13, uniq_grinder
D:4:      xom_confusion_cloud, serial_shops, nicolae_shop_crystal
D:5:      yredelemnul_forgotten_temple_becter, first_bread
D:6:      kennysheep_little_box, nemelex_altar_shiori, serial_shops, shop,
          okawaru_trees_2
D:7:      lemuel_round_altar, serial_undead, serial_undead_f, serial_undead_e,
          serial_undead_a, serial_undead_b, serial_undead_b, serial_undead_c,
          grunt_livestock, st_stairs_3
D:8:      kennysheep_ambush_hall, bloody_makhleb, basic_altar, uniq_gastronok
D:9:      old_standard_altar
D:10:     serial_glass, glass_columns_b, glass_columns_b, minmay_ruined_shrine,
          uniq_erolcha
D:11:     kennysheep_windowed_halls, lair_0_dummy, zombieorc2_lemuel,
          statue_in_the_mist_lemuel
D:12:     lab_entry_generic, kennysheep_opposing_triangles, uniq_rupert
D:14:     david_vaults_4, hex_tiny, serial_shops, kennysheep_mini_moat
D:15:     hangedman_depths_entry_try_elsewhere_first, basic_altar,
          grunt_decor_resistance, due_unseen_surprise
Temple:   nicolae_temple_x_marks_the_god
Lair:1:   guppyfry_lair_drakes, uniq_nergalle, uniq_fannar
Lair:2:   minmay_swamp_entry_reptiles, spider_nest_entry_webs,
          grunt_megastairs_4
Lair:3:   grunt_forest_large_clearing_hut, grunt_megastairs_3,
          infiniplex_staircase_pool, uniq_harold
Lair:4:   portal_ice_cave_entry_animals_and_master, bh_autumn_forest_stairs
Lair:5:   kennysheep_rathole, uniq_josephine
Lair:6:   gammafunk_lair_ancient_temple, minmay_slime_entry_pillars
Swamp:1:  evilmike_swamp_ruin_house_5
Swamp:2:  nicolae_swamp_trees_clearing, swamp_pool3
Swamp:3:  basic_altar
Swamp:4:  swamp_basic_johnstein, swamp_pool1, uniq_bai_suzhen
Spider:1: uniq_asterion, uniq_donald
Spider:3: spider_trap
Spider:4: guppyfry_spider_rune, uniq_louise, uniq_arachne, uniq_agnes
Orc:1:    uniq_snorg
Orc:2:    grunt_orc_gardens, grunt_orc_garden, grunt_orc_garden,
          grunt_orc_garden, grunt_orc_garden, serial_shops, shop_statue,
          nicolae_for_you_no_charge
Elf:1:    elf_arrival_002, minivault_28, minmay_checkered_concentric_circles,
          grunt_megastairs_5
Vaults:1: vaults_standard_mumra_enter_the_diamond, hangedman_vaults_capsules,
          nicolae_vaults_little_ls, v_misc_17, ontoclasm_vaults_tryst,
          nicolae_vaults_ring_of_whatevers, nicolae_vaults_theta,
          hangedman_vaults_nodes, v_alt_pattern_1, v_misc_27,
          hangedman_vaults_corner_blocks, v_alt_pattern_5,
          grunt_vaults_trifunnel, vaults_dpeg_diagonal,
          vaults_room_stairs_pillars
Vaults:2: v_misc_27, st_smaller_cells, minmay_crypt_entry_skeletal_spiral,
          nicolae_vaults_little_squares_2, v_alt_pattern_1,
          hangedman_vaults_stream, ontoclasm_vaults_ring_large,
          vaults_room_pool, v_alt_pattern_6, serial_shops, shop,
          nicolae_shop_crystal, nicolae_shop_waterfront, uniq_xtahua
Vaults:3: nicolae_vaults_triangles, v_pattern_3, v_misc_27,
          ontoclasm_vaults_chip, vaults_room_door_ring, ontoclasm_vaults_chip,
          ontoclasm_vaults_pinch, v_alt_pattern_6, ontoclasm_vaults_gallery,
          grunt_vaults_diagonal, nicolae_vaults_shelves_hall,
          ontoclasm_vaults_loading_screen, serial_shops, nicolae_shop_waterfront
Vaults:4: nicolae_vaults_yaktaur_gun_rack, vaults_room_grid,
          hangedman_vaults_impose, v_misc_1, vaults_mumra_hexcomb,
          ontoclasm_vaults_ring_large, vaults_room_pool,
          nicolae_vaults_stairing_the_circle, ontoclasm_vaults_gateway,
          dpeg_vaults_waves, nicolae_vaults_hallways_thing,
          vaults_room_door_ring, ontoclasm_vaults_loading_screen
Vaults:5: serial_shops
Depths:1: minmay_tearing_corner, enter_ziggurat_c, moated_statue, hell_entry,
          bh_walls_and_bars, roderic_lattice_octagonal_star, minmay_shop_grove
Depths:2: due_jory_tower, tso_metal_star, grunt_metal_band,
          nemelex_diamond_rough_becter
Depths:3: minmay_sliced_demisemicircle, minmay_staircase_windowed_large,
          rand_demon_pan_entry_5, hell_entry, reverse_door_vault, uniq_margery
Depths:4: minmay_open_boxes_in_corner, abyss_entry_flame_altar,
          hangedman_abyss_or_decor_stagger, rand_demon_pan_entry_1, hell_entry,
          minmay_shoptagon
Depths:5: evilmike_zot_entry_round, hangedman_coc_ice_floe, corner_web_ring,
          kennysheep_random_hallway

Notes
Turn   | Place    | Note
-------+----------+-------------------------------------------
     0 | D:1      | hairmachine the Deep Elf Fire Elementalist began the quest for the Orb.
     0 | D:1      | Reached XP level 1. HP: 10/10 MP: 6/6
   489 | D:1      | Reached XP level 2. HP: 15/15 MP: 4/8
   527 | D:1      | Learned a level 2 spell: Throw Flame
  1556 | D:2      | Noticed Terence
  1621 | D:2      | Reached XP level 3. HP: 19/19 MP: 7/9
  1720 | D:2      | Learned a level 3 spell: Conjure Flame
  2021 | D:4      | Killed an ogre
  2053 | D:4      | Reached skill level 5 in Fire Magic
  2053 | D:4      | Reached XP level 4. HP: 24/24 MP: 0/10
  2183 | D:4      | Noticed an ogre
  2206 | D:4      | Killed an ogre
  2206 | D:4      | Reached skill level 2 in Conjurations
  2206 | D:4      | Reached XP level 5. HP: 28/28 MP: 0/11
  2401 | D:4      | Reached skill level 3 in Conjurations
  2523 | D:4      | Found a shimmering altar of Xom.
  2644 | D:4      | Reached skill level 4 in Conjurations
  2644 | D:4      | Reached XP level 6. HP: 30/32 MP: 6/12
  2712 | D:4      | Found Riucs's Weapon Shop.
  2951 | D:4      | Found a staircase to the Ecumenical Temple.
  2959 | Temple   | Entered the Ecumenical Temple
  2968 | Temple   | Became a worshipper of Sif Muna the Loreminder
  3335 | D:4      | Learned a level 4 spell: Sticky Flame
  3648 | D:5      | Entered Level 5 of the Dungeon
  3695 | D:5      | Noticed an ice beast
  4130 | D:5      | Reached skill level 5 in Conjurations
  4130 | D:5      | Reached XP level 7. HP: 32/36 MP: 7/14
  4352 | D:5      | Reached skill level 5 in Dodging
  4541 | D:5      | Reached skill level 5 in Spellcasting
  4612 | D:5      | Reached * piety under Sif Muna
  4836 | D:5      | Reached skill level 6 in Conjurations
  4898 | D:5      | Reached XP level 8. HP: 41/41 MP: 16/18
  5090 | D:5      | Found a basalt altar of Yredelemnul.
  5388 | D:6      | Learned a level 5 spell: Fireball
  5388 | D:6      | Found an iron altar of Okawaru.
  5425 | D:6      | Found a radiant altar of Vehumet.
  5465 | D:6      | Found a sparkling altar of Nemelex Xobeh.
  5775 | D:6      | Reached skill level 7 in Conjurations
  5852 | D:6      | Reached ** piety under Sif Muna
  5914 | D:6      | Found Caxizao's Distillery.
  5922 | D:6      | Bought a potion of heal wounds for 75 gold pieces
  7094 | D:7      | Reached skill level 8 in Conjurations
  7129 | D:7      | Reached XP level 9. HP: 42/45 MP: 20/20
  7486 | D:7      | Noticed a gargoyle
  7501 | D:7      | Killed a gargoyle
  7501 | D:7      | Reached *** piety under Sif Muna
  7656 | D:7      | Reached skill level 9 in Conjurations
  8014 | D:7      | Found a blossoming altar of Fedhas.
  8597 | D:8      | Noticed Gastronok
  8617 | D:8      | Killed Gastronok
  8617 | D:8      | Reached **** piety under Sif Muna
  8617 | D:8      | Reached skill level 10 in Conjurations
  8617 | D:8      | Reached skill level 10 in Fire Magic
  8617 | D:8      | Reached XP level 10. HP: 26/50 MP: 4/21
  8938 | D:8      | Reached skill level 11 in Conjurations
  9266 | D:8      | Found a burning altar of Makhleb.
  9564 | D:8      | Reached skill level 1 in Fighting
 10007 | D:8      | Found a hazy altar of Hepliaklqana.
 10489 | D:9      | Noticed tsouns's ghost (novice DECj)
 10710 | D:9      | Killed tsouns's ghost
 10934 | D:9      | Found a glowing golden altar of the Shining One.
 12107 | D:9      | Reached XP level 11. HP: 59/59 MP: 12/22
 12249 | D:10     | Entered Level 10 of the Dungeon
 12267 | D:10     | Noticed Erolcha
 12276 | D:10     | Killed Erolcha
 12276 | D:10     | Reached ***** piety under Sif Muna
 13015 | D:10     | Noticed a hill giant
 13039 | D:10     | Killed a hill giant
 13182 | D:10     | Reached skill level 12 in Conjurations
 13186 | D:10     | Received a gift from Sif Muna
 13361 | D:10     | Learned a level 2 spell: Repel Missiles
 13467 | D:10     | Noticed a hill giant
 13471 | D:10     | Found a shattered altar of Ashenzari.
 13861 | D:10     | Reached skill level 1 in Charms
 14141 | D:10     | Killed a hill giant
 14676 | D:11     | Noticed a purple ugly thing
 14832 | D:11     | Found a staircase to the Lair.
 14840 | Lair:1   | Entered Level 1 of the Lair of Beasts
 14858 | Lair:1   | Noticed Fannar
 16206 | Lair:1   | Reached skill level 5 in Fighting
 16248 | Lair:1   | Noticed Nergalle
 16252 | Lair:1   | Killed Nergalle
 16513 | Lair:1   | Reached XP level 12. HP: 68/68 MP: 12/23
 16620 | Lair:1   | Noticed a four-headed hydra
 16633 | Lair:1   | Killed a four-headed hydra
 17635 | Lair:2   | Reached skill level 10 in Dodging
 18080 | Lair:2   | Found a staircase to the Swamp.
 18449 | Lair:2   | Found a hole to the Spider Nest.
 18894 | Lair:3   | Learned a level 3 spell: Stone Arrow
 18952 | Lair:3   | Identified Mitev's Handbook of Fiery Toxins {god gift} (Sif Muna gifted it to you on level 3 of the Lair of Beasts)
 18952 | Lair:3   | Received a gift from Sif Muna
 19022 | Lair:3   | Learned a level 6 spell: Bolt of Fire
 19095 | Lair:3   | Reached skill level 1 in Earth Magic
 20130 | Lair:3   | Reached skill level 13 in Conjurations
 20207 | Lair:3   | Noticed Harold
 21626 | Lair:4   | Noticed ilikecats's ghost (journeyman HOFE)
 21753 | Lair:5   | Got a fine ring mail
 21764 | Lair:5   | Identified the +5 ring mail of Qenohida {Int+5 Dex+2 SInv} (You found it on level 5 of the Lair of Beasts)
 22040 | Lair:5   | Noticed Josephine
 22043 | Lair:5   | Killed Josephine
 22043 | Lair:5   | Reached skill level 1 in Shields
 22043 | Lair:5   | Reached XP level 13. HP: 76/76 MP: 9/28
 23926 | Lair:6   | Entered Level 6 of the Lair of Beasts
 23962 | Lair:6   | Reached skill level 10 in Spellcasting
 24246 | Lair:6   | Received a gift from Sif Muna
 24319 | Lair:6   | Learned a level 5 spell: Iskenderun's Battlesphere
 24913 | Lair:6   | Found a staircase to the Slime Pits.
 24954 | Lair:6   | Reached skill level 14 in Conjurations
 25268 | Lair:6   | Reached skill level 5 in Charms
 27408 | Lair:6   | Identified Pun Fyw's Guide on Hurtful Contamination {god gift} (Sif Muna gifted it to you on level 6 of the Lair of Beasts)
 27408 | Lair:6   | Received a gift from Sif Muna
 27620 | Lair:6   | Reached XP level 14. HP: 58/82 MP: 24/31
 29784 | D:11     | Reached skill level 15 in Conjurations
 30177 | D:11     | Reached skill level 1 in Invocations
 30463 | D:11     | Found a staircase to the Orcish Mines.
 31377 | D:11     | Identified Sif Muna's Catalogue of the Frostbite and Poison {god gift} (Sif Muna gifted it to you on level 11 of the Dungeon)
 31377 | D:11     | Received a gift from Sif Muna
 32962 | D:12     | Noticed Rupert
 33616 | D:12     | Noticed George's ghost (journeyman MiFi)
 33781 | Orc:1    | Entered Level 1 of the Orcish Mines
 33874 | Orc:1    | Noticed psellion's ghost (novice CeHu)
 33887 | Orc:1    | Noticed Snorg
 33887 | Orc:1    | Killed psellion's ghost
 34267 | Orc:1    | Killed Snorg
 34635 | Orc:2    | Entered Level 2 of the Orcish Mines
 34728 | Orc:2    | Noticed an orc warlord
 34868 | Orc:2    | Found Kusumal's Antique Armour Boutique.
 35340 | Swamp:1  | Entered Level 1 of the Swamp
 35509 | Swamp:1  | Learned a level 7 spell: Ring of Flames
 36473 | Swamp:1  | Identified Sif Muna's Reference Book on Transmigration and the Blaze {god gift} (Sif Muna gifted it to you on level 1 of the Swamp)
 36473 | Swamp:1  | Received a gift from Sif Muna
 36531 | Swamp:1  | Reached XP level 15. HP: 88/88 MP: 11/34
 36907 | Swamp:1  | Reached skill level 15 in Fire Magic
 37321 | Swamp:1  | Learned a level 9 spell: Fire Storm
 38955 | Swamp:3  | Found a white marble altar of Elyvilon.
 39228 | Swamp:3  | Noticed a thorn hunter
 39232 | Swamp:3  | Killed a thorn hunter
 39232 | Swamp:3  | Reached skill level 1 in Armour
 39816 | Swamp:4  | Entered Level 4 of the Swamp
 39971 | Swamp:4  | Got a smoking helmet
 39982 | Swamp:4  | Identified the cursed +0 helmet of Disappointment {Str+4 Int+3} (You found it on level 4 of the Swamp)
 40273 | Swamp:4  | Reached skill level 16 in Conjurations
 40723 | Swamp:4  | Received a gift from Sif Muna
 41441 | Swamp:4  | Noticed Bai Suzhen
 41450 | Swamp:4  | Killed Bai Suzhen
 41780 | Swamp:4  | Reached XP level 16. HP: 93/93 MP: 27/35
 42198 | Swamp:4  | Reached skill level 17 in Conjurations
 42363 | Swamp:4  | Noticed a thorn hunter
 42366 | Swamp:4  | Killed a thorn hunter
 42533 | Swamp:4  | Got a decaying rune of Zot
 42926 | Spider:1 | Entered Level 1 of the Spider Nest
 43768 | Spider:1 | Noticed Asterion
 43771 | Spider:1 | Killed Asterion
 43771 | Spider:1 | Identified Zututruoxiph's Volume of Unholy Feathers {god gift} (Sif Muna gifted it to you on level 1 of the Spider Nest)
 43771 | Spider:1 | Received a gift from Sif Muna
 43860 | Spider:1 | Noticed Donald
 43864 | Spider:1 | Killed Donald
 46288 | Spider:2 | Reached skill level 18 in Conjurations
 47340 | Spider:2 | Identified Sif Muna's Volume of Creative Cold {god gift} (Sif Muna gifted it to you on level 2 of the Spider Nest)
 47340 | Spider:2 | Received a gift from Sif Muna
 48808 | Spider:3 | Reached XP level 17. HP: 97/97 MP: 11/36
 50424 | D:12     | Killed Rupert
 50510 | D:12     | Killed George's ghost
 50931 | D:12     | Reached skill level 19 in Conjurations
 51396 | D:13     | Identified Sif Muna's Tome of Confrontation {god gift} (Sif Muna gifted it to you on level 13 of the Dungeon)
 51396 | D:13     | Received a gift from Sif Muna
 52409 | D:13     | Upgraded the game from 0.19-a0-1834-g6b7851e to 0.19-a0-1851-g3228ea0
 53336 | D:14     | Found Eriate's Magic Scroll Shop.
 53339 | D:14     | Bought a scroll of teleportation for 45 gold pieces
 53339 | D:14     | Bought a scroll of teleportation for 45 gold pieces
 53339 | D:14     | Bought a scroll of blinking for 112 gold pieces
 53339 | D:14     | Bought a scroll of fog for 30 gold pieces
 53419 | D:14     | Found a gate to the Vaults.
 53488 | D:15     | Entered Level 15 of the Dungeon
 54141 | D:15     | Found a shadowy altar of Dithmenos.
 55021 | D:14     | Learned a level 7 spell: Orb of Destruction
 55075 | D:15     | Found a staircase to the Depths.
 55466 | D:15     | Identified Sif Muna's Tome of Confrontation {god gift} (Sif Muna gifted it to you on level 15 of the Dungeon)
 55466 | D:15     | Received a gift from Sif Muna
 55843 | Spider:4 | Entered Level 4 of the Spider Nest
 56187 | Spider:4 | Noticed Louise
 56291 | Spider:4 | Noticed Arachne
 56298 | Spider:4 | Killed Arachne
 56600 | Spider:4 | Noticed IKeelU2's ghost (adept DsFi)
 56601 | Spider:4 | Killed Louise
 56734 | Spider:4 | Got a bloodstained leather armour
 56744 | Spider:4 | Identified the +2 leather armour of Ru's Envy {rPois rN++ Int-4 SInv} (You found it on level 4 of the Spider Nest)
 56850 | Spider:4 | Got a pair of fine gloves
 56851 | Spider:4 | Identified the +2 pair of gloves "Gygyos" {rElec rF+ Int+2} (You found it on level 4 of the Spider Nest)
 56956 | Spider:4 | Reached XP level 18. HP: 102/103 MP: 38/38
 57115 | Spider:4 | Killed IKeelU2's ghost
 57189 | Spider:3 | Reached skill level 20 in Conjurations
 58308 | Spider:4 | Received a gift from Sif Muna
 58324 | Spider:4 | Learned a level 2 spell: Blink
 58892 | Spider:4 | Noticed Agnes
 58898 | Spider:4 | Killed Agnes
 59964 | Spider:4 | Got a gossamer rune of Zot
 60046 | Spider:4 | HP: 5/103 [wolf spider (13)]
 60661 | Vaults:1 | Entered Level 1 of the Vaults
 61134 | Vaults:1 | Reached skill level 1 in Translocations
 61843 | Vaults:1 | Identified Sif Muna's Volume of Ghastly Changing {god gift} (Sif Muna gifted it to you on level 1 of the Vaults)
 61843 | Vaults:1 | Received a gift from Sif Muna
 62461 | Vaults:1 | Reached skill level 21 in Conjurations
 63948 | Vaults:1 | Reached XP level 19. HP: 107/107 MP: 39/39
 65468 | Vaults:2 | Identified Sif Muna's Guide on the Arsonist and Combat Magic {god gift} (Sif Muna gifted it to you on level 2 of the Vaults)
 65468 | Vaults:2 | Received a gift from Sif Muna
 65788 | Vaults:2 | Reached skill level 15 in Spellcasting
 67548 | Vaults:2 | Found a staircase to the Crypt.
 67779 | Vaults:2 | Found Mozeaj's Gadget Emporium.
 68325 | Vaults:2 | Found Fuetega's Gadget Boutique.
 68926 | Vaults:2 | Noticed Xtahua
 68932 | Vaults:2 | Killed Xtahua
 68932 | Vaults:2 | Identified Sif Muna's Incunabulum of Destructive Flames {god gift} (Sif Muna gifted it to you on level 2 of the Vaults)
 68932 | Vaults:2 | Received a gift from Sif Muna
 69688 | Vaults:2 | Reached skill level 22 in Conjurations
 70053 | Vaults:2 | Found Oposear's Antique Weapon Shoppe.
 70519 | Vaults:2 | Reached ****** piety under Sif Muna
 70967 | Vaults:2 | Identified Sif Muna's Disquisition on Conjuration {god gift} (Sif Muna gifted it to you on level 2 of the Vaults)
 70967 | Vaults:2 | Received a gift from Sif Muna
 70972 | Vaults:2 | Reached XP level 20. HP: 92/112 MP: 11/42
 73316 | Orc:2    | Found Rijynaiz's Antique Weapon Emporium.
 73317 | Orc:2    | Found Ulica Rahoett's General Store.
 73650 | Orc:2    | Found Voeblaonk's General Store.
 73777 | Orc:2    | Found a staircase to the Elven Halls.
 73974 | Orc:2    | Found Heniudur's Book Shop.
 74064 | Orc:2    | Found Ruadeok's Quality Used Wands.
 74072 | Orc:2    | Identified Sif Muna's Catalogue of Heat {god gift} (Sif Muna gifted it to you on level 2 of the Orcish Mines)
 74072 | Orc:2    | Received a gift from Sif Muna
 74088 | Orc:2    | Learned a level 7 spell: Ring of Flames
 74127 | Orc:2    | Bought a crude shield for 275 gold pieces
 74128 | Orc:2    | Identified the +1 shield "Keuroham" {+Fly rPois rC+} (You bought it in a shop on level 2 of the Orcish Mines)
 74400 | Elf:1    | Entered Level 1 of the Elven Halls
 75208 | Elf:1    | Identified the Volume of Feathery Stones
 77345 | Depths:1 | Entered Level 1 of the Depths
 78051 | Depths:1 | Found a gateway to Hell.
 78114 | Depths:1 | Received a gift from Sif Muna
 78735 | Depths:1 | Found Zeypatae's Jewellery Shop.
 78736 | Depths:1 | Found Vuqiuts's Gadget Shoppe.
 78774 | Depths:1 | Found Ylapen's Jewellery Shop.
 78899 | Depths:1 | Found a gateway to a ziggurat.
 78920 | Depths:1 | Reached skill level 23 in Conjurations
 79239 | Depths:1 | Reached XP level 21. HP: 117/117 MP: 9/45
 80510 | Depths:1 | Identified Sif Muna's Volume of Frigorific Arcane Weapons {god gift} (Sif Muna gifted it to you on level 1 of the Depths)
 80510 | Depths:1 | Received a gift from Sif Muna
 80617 | Depths:1 | Got a fine whip
 81002 | Depths:1 | Got a heavily jewelled robe
 81004 | Depths:1 | Identified the +1 robe of the Pit {Str+2 Stlth+} (You took it off a yaktaur captain on level 1 of the Depths)
 81448 | Depths:2 | Found a glowing golden altar of the Shining One.
 83490 | Depths:2 | Found a sparkling altar of Nemelex Xobeh.
 83962 | Depths:3 | Identified Sif Muna's Compendium of Hurtful Evil {god gift} (Sif Muna gifted it to you on level 3 of the Depths)
 83962 | Depths:3 | Received a gift from Sif Muna
 84214 | Depths:3 | Noticed Margery
 85692 | Depths:3 | Killed Margery
 85692 | Depths:3 | Reached XP level 22. HP: 90/122 MP: 3/48
 86111 | Depths:3 | Found a one-way gate leading to the halls of Pandemonium.
 86225 | Depths:3 | Reached skill level 24 in Conjurations
 86911 | Depths:3 | Identified Jywner's Collected Works on Execration and the Glacier {god gift} (Sif Muna gifted it to you on level 3 of the Depths)
 86911 | Depths:3 | Received a gift from Sif Muna
 87107 | Depths:3 | Noticed a golden dragon
 87140 | Depths:3 | Killed a golden dragon
 87233 | Depths:3 | Noticed a caustic shrike
 87280 | Depths:3 | Killed a caustic shrike
 87370 | Depths:3 | Gained mutation: You are partially covered in icy blue scales. (AC +2) [potion of mutation]
 87370 | Depths:3 | Gained mutation: Your muscles are strong. (Str +2) [potion of mutation]
 87370 | Depths:3 | Gained mutation: Scrolls take you a little longer to read. [potion of mutation]
 87371 | Depths:3 | Lost mutation: Scrolls take you a little longer to read. [potion of cure mutation]
 87371 | Depths:3 | Lost mutation: Your muscles are strong. (Str +2) [potion of cure mutation]
 87371 | Depths:3 | Lost mutation: You are partially covered in icy blue scales. (AC +2) [potion of cure mutation]
 87377 | Depths:3 | Got a faintly glowing steel ring
 87378 | Depths:3 | Identified the ring of Ysast {rPois rN+ Str-3 Int+3} (You found it on level 3 of the Depths)
 87616 | Hell     | Entered the Vestibule of Hell
 87616 | Hell     | Noticed Geryon
 88330 | Orc:2    | Bought an uncursed ring of wizardry for 330 gold pieces
 89724 | Depths:4 | Identified Sif Muna's Grimoire of Igneous Curses {god gift} (Sif Muna gifted it to you on level 4 of the Depths)
 89724 | Depths:4 | Received a gift from Sif Muna
 89900 | Depths:4 | Found a corrupted altar of Lugonu.
 89900 | Depths:4 | Found a one-way gate to the infinite horrors of the Abyss.
 90313 | Depths:4 | Noticed a golden dragon
 90336 | Depths:4 | Killed a golden dragon
 90529 | Depths:4 | Noticed a juggernaut
 90546 | Depths:4 | Killed a juggernaut
 90690 | Depths:4 | Found Yhanutio's Antique Armour Shoppe.
 90694 | Depths:4 | Found Uhilois's Antique Armour Emporium.
 91105 | Depths:5 | Entered Level 5 of the Depths
 91239 | Depths:5 | Noticed a juggernaut
 91245 | Depths:5 | Killed a juggernaut
 91245 | Depths:5 | Reached XP level 23. HP: 118/130 MP: 21/50
 92777 | Depths:5 | Found a gate to the Realm of Zot.
 94461 | Vaults:2 | Identified Sif Muna's Arcane Secrets of Hermeneutics {god gift} (Sif Muna gifted it to you on level 2 of the Vaults)
 94461 | Vaults:2 | Received a gift from Sif Muna
 94461 | Vaults:2 | Reached skill level 5 in Shields
 94811 | Vaults:3 | Reached skill level 25 in Conjurations
 95065 | Vaults:3 | Found Ryramm's Antique Weapon Boutique.
 98638 | Vaults:3 | Reached XP level 24. HP: 136/136 MP: 48/51
 99368 | Vaults:4 | Identified Roelua's Tome of Creative Snow {god gift} (Sif Muna gifted it to you on level 4 of the Vaults)
 99368 | Vaults:4 | Received a gift from Sif Muna
101752 | Vaults:4 | Reached skill level 10 in Shields
102506 | Vaults:5 | Entered Level 5 of the Vaults
102790 | Vaults:5 | Identified Sif Muna's Almanac of Weightlessness {god gift} (Sif Muna gifted it to you on level 5 of the Vaults)
102790 | Vaults:5 | Received a gift from Sif Muna
103411 | Vaults:5 | Reached XP level 25. HP: 76/141 MP: 3/53
105363 | Depths:2 | Reached skill level 10 in Fighting
105494 | Depths:2 | Noticed Jory
105504 | Depths:2 | Killed Jory
105629 | Depths:2 | Got a clouded jade ring
105630 | Depths:2 | Identified the ring "Jofeson" {+Fly rF+ rN+ Str+2} (You took it off Jory on level 2 of the Depths)
106136 | Depths:2 | Identified Sif Muna's Handbook of Conjuration {god gift} (Sif Muna gifted it to you on level 2 of the Depths)
106136 | Depths:2 | Received a gift from Sif Muna
106960 | Depths:4 | Voluntarily entered the Abyss.
107291 | Abyss:1  | Found a shimmering altar of Xom.
107300 | Abyss:1  | Found a shimmering altar of Xom.
107720 | Abyss:2  | Found a corrupted altar of Lugonu.
108148 | Abyss:2  | Killed themself with a badly aimed great blast of fire

Vanquished Creatures
  2 juggernauts
  Bai Suzhen (Swamp:4)
  Xtahua (Vaults:2)
  A caustic shrike (Depths:3)
  Margery (Depths:3)
  5 golden dragons
  Jory (Depths:2)
  Arachne (Spider:4)
  4 liches
  Rupert (D:12)
  4 tentacled monstrosities
  4 titans
  Asterion (Spider:1)
  3 quicksilver dragons
  4 sphinxes
  An Executioner (Abyss:2)
  Gastronok (D:8)
  A tentacled starspawn (Abyss:1)
  2 thorn hunters
  Agnes (Spider:4)
  The ghost of IKeelU2 the Severer, an adept DsFi of Uskayaw (Spider:4)
  6 tengu reavers
  5 storm dragons
  Donald (Spider:1)
  19 frost giants
  An iron dragon (Depths:5)
  4 emperor scorpions
  Louise (Spider:4)
  5 deep elf sorcerers
  9 fire giants
  13 vault wardens
  A ghost moth (shapeshifter) (Vaults:5)
  2 orc warlords
  A draconian shifter (Depths:5)
  5 ghost moths
  3 deep elf elementalists
  24 ironheart preservers
  A reaper (Depths:5)
  A draconian caller (Depths:5)
  A spriggan defender (Depths:1)
  25 stone giants
  38 very ugly things
  13 entropy weavers
  7 vampire knights
  A green draconian (Depths:5)
  3 deep elf annihilators
  A purple draconian (Depths:5)
  4 deep elf demonologists
  A mottled draconian (Depths:5)
  5 spark wasps
  A dire elephant (D:15)
  Snorg (Orc:1)
  A yellow draconian (Depths:5)
  4 deep elf death magi
  A white draconian (Depths:5)
  11 ettins
  Josephine (Lair:5)
  13 fire dragons
  A green death (Depths:3)
  2 deep elf high priests
  28 vault guards
  The ghost of George the Carver, a journeyman MiFi of Okawaru (D:12)
  An ettin (shapeshifter) (Depths:3)
  5 great orbs of eyes
  23 yaktaur captains
  2 ghost crabs
  10 rakshasas
  Erolcha (D:10)
  18 ice dragons
  A merfolk avatar (Lair:6)
  14 ogre magi
  23 hydras
  15 centaur warriors
  4 spriggan air magi
  3 death knights
  5 alligators
  A catoblepas (shapeshifter) (Vaults:2)
  The ghost of psellion the Markscentaur, a novice CeHu of Okawaru (Orc:1)
  9 deep troll earth magi
  15 deep troll shamans
  2 hell hogs (shapeshifter)
  16 tengu warriors
  11 dancing weapons
  A shock serpent (shapeshifter) (Vaults:5)
  A vampire mage (Depths:1)
  15 hell knights
  An orc high priest (Orc:2)
  5 thrashing horrors
  6 spriggan berserkers
  A sun demon (Depths:5)
  2 wretched stars
  Nergalle (Lair:1)
  4 iron trolls
  2 sixfirhies
  2 soul eaters
  The ghost of tsouns the Destroyer, a novice DECj of Vehumet (D:9)
  13 deep elf knights
  49 deep trolls
  5 shadow wraiths
  12 swamp dragons
  11 flayed ghosts
  5 unseen horrors
  A sea snake (Lair:6)
  4 spriggan druids
  8 glowing orange brains
  15 skeletal warriors
  6 wizards
  A lindwurm (Lair:4)
  9 hill giants
  27 orc knights
  5 shambling mangroves
  16 deep elf archers
  5 phantasmal warriors
  19 ironbrand convokers
  14 harpies
  45 deep elf magi
  18 orb spiders
  11 necromancers
  40 wolf spiders
  A fire giant zombie (Vaults:3)
  A salamander (D:15)
  9 orc sorcerers
  92 ugly things
  A mana viper (shapeshifter) (Abyss:1)
  3 manticores
  10 cyclopes
  A worldbinder (Abyss:2)
  A sphinx skeleton (Vaults:2)
  A moth of wrath (shapeshifter) (Depths:4)
  A cyclops (shapeshifter) (Depths:5)
  12 elephants
  11 black mambas
  4 moths of wrath
  2 frost giant skeletons (Vaults:2)
  A water nymph (shapeshifter) (Vaults:3)
  19 vault sentinels
  2 smoke demons
  A rust devil (Abyss:2)
  25 spiny frogs
  A yaktaur zombie (Vaults:4)
  4 gargoyles
  A storm dragon simulacrum (D:14)
  A yaktaur (shapeshifter) (Depths:2)
  4 kobold demonologists
  9 freezing wraiths
  59 yaktaurs
  A hellion (Abyss:2)
  A rime drake (shapeshifter) (Vaults:1)
  5 rime drakes (Lair:6)
  A yaktaur skeleton (Vaults:2)
  2 efreet
  11 komodo dragons
  2 ice devils
  23 demonic crawlers
  A queen bee (shapeshifter) (Depths:1)
  2 ancient zymes
  4 tengu conjurers
  A troll (shapeshifter) (Vaults:3)
  2 polar bears (Lair:6)
  A red devil (Depths:3)
  7 human skeletons
  13 trolls
  A polar bear (shapeshifter) (Vaults:4)
  A jumping spider (shapeshifter) (Vaults:5)
  A queen bee (Lair:1)
  42 jumping spiders
  28 hornets
  A sphinx simulacrum (Vaults:3)
  A shadow dragon simulacrum (Vaults:3)
  11 tyrant leeches
  26 two-headed ogres
  4 large abominations
  A wind drake (Lair:6)
  15 bog bodies
  4 dream sheep (Lair:3)
  4 raiju
  17 blink frogs
  16 hippogriffs
  3 human simulacra
  A meliai zombie (D:12)
  33 slime creatures
  10 shadows
  An ettin zombie (Vaults:3)
  5 air elementals
  2 tarantellas (shapeshifter)
  A vampire (D:9)
  A yak (shapeshifter) (Depths:5)
  93 redbacks
  5 spriggans
  A hog (shapeshifter) (Vaults:2)
  7 water elementals
  29 yaks
  A ynoxinul (Abyss:1)
  41 tarantellas
  2 basilisks
  A fire bat (Abyss:2)
  16 wraiths
  4 wyverns
  2 fire elementals (Elf:1)
  6 golden eyes (Abyss:2)
  3 hungry ghosts
  A steam dragon (D:11)
  A neqoxec (Abyss:1)
  21 vampire mosquitoes
  17 swamp worms
  3 mottled dragons
  12 wargs
  A hell hound (Abyss:1)
  12 insubstantial wisps (Swamp:1)
  A soldier ant (shapeshifter) (Depths:2)
  18 water moccasins
  8 porcupines
  A floating eye (Depths:5)
  A deep troll skeleton (Vaults:2)
  2 porcupines (shapeshifter) (Vaults:4)
  12 swamp drakes
  2 black bears
  10 ice beasts
  9 sky beasts
  An eye of draining (shapeshifter) (Vaults:3)
  53 orc warriors
  An ettin simulacrum (Vaults:3)
  3 eyes of draining
  74 ogres
  2 necrophages (D:7)
  28 boggarts
  28 centaurs
  An elf skeleton (Vaults:4)
  A phantom (D:11)
  14 wolves
  A centaur (shapeshifter) (Depths:1)
  22 crocodiles
  2 big kobolds (D:10)
  21 bullfrogs
  An ogre simulacrum (Vaults:1)
  An earth elemental (Elf:1)
  A wyvern skeleton (D:11)
  A water moccasin zombie (D:4)
  3 scorpions
  A water moccasin skeleton (D:7)
  5 small abominations
  43 killer bees
  10 wights
  3 troll zombies (D:11)
  9 howler monkeys
  2 electric eels
  5 bullfrog zombies
  A centaur zombie (D:6)
  6 crimson imps
  5 quasits
  A hound (shapeshifter) (Vaults:3)
  14 hounds
  9 jellies
  18 orc priests
  27 orc wizards
  7 bullfrog skeletons
  5 centaur skeletons
  3 iron imps
  3 iguanas
  4 hell rats
  12 worker ants
  A killer bee zombie (D:9)
  5 ogre zombies (D:11)
  3 hound zombies
  3 hound skeletons
  2 mummies (D:7)
  A howler monkey skeleton (D:4)
  A howler monkey zombie (D:7)
  3 gnolls (D:11)
  9 river rats (Lair:5)
  7 adders
  3 shadow imps
  A white imp (Abyss:2)
  2 ufetubi (Abyss:1)
  3 oozes
  2 adder zombies (D:9)
  An adder skeleton (D:7)
  A worm (D:3)
  2 dart slugs
  4 leopard geckos
  113 orcs
  A ball python (D:8)
  4 giant cockroaches
  5 goblins
  3 hobgoblins (D:1)
  6 jackals
  15 kobolds
  5 quokkas
  7 bats
  2 frilled lizards
  4 goblin zombies (D:11)
  2 hobgoblin skeletons (D:11)
  3 hobgoblin zombies (D:11)
  A jackal zombie (D:7)
  5 orc skeletons (D:11)
  11 orc zombies (D:11)
  4 rats
  A fire vortex (Depths:4)
  3 fungi
  A lurking horror (Abyss:2)
  A plant (Lair:6)
2498 creatures vanquished.

Vanquished Creatures (collateral kills)
  An iron dragon (Vaults:5)
  2 stone giants
  2 very ugly things (Depths:4)
  A yaktaur captain (Vaults:4)
  A shadow wraith (Depths:2)
  An ugly thing (Vaults:3)
  A fire giant skeleton (Vaults:4)
  3 ogres
  A white imp (Depths:5)
  An orc (Vaults:5)
14 creatures vanquished.

Vanquished Creatures (others)
  A stone giant (Vaults:5)
  A water elemental (Elf:1)
  A golden eye (Abyss:1)
  A fire elemental (Elf:1)
  An orc warrior (Vaults:5)
  An ogre (D:4)
  A worker ant (D:4)
  An adder (D:4)
  3 orcs (D:4)
  A bush (Depths:1)
  122 fire vortices
  A fulminant prism (D:9)
  28 fungi
  29 plants
  A withered plant (D:7)
193 creatures vanquished.

Grand Total: 2705 creatures vanquished

Action                   |  1- 3 |  4- 6 |  7- 9 | 10-12 | 13-15 | 16-18 | 19-21 | 22-24 | 25-27 || total
-------------------------+-------+-------+-------+-------+-------+-------+-------+-------+-------++-------
Melee: Dagger            |       |    18 |       |       |       |       |       |       |       ||    18
       Spear             |       |     5 |    60 |    92 |    22 |       |       |       |       ||   179
       Staff             |       |       |       |       |       |    24 |    15 |       |    27 ||    66
Throw: Stone             |     4 |     9 |     7 |    12 |     7 |       |       |       |       ||    39
 Cast: Flame Tongue      |    47 |    47 |   145 |   133 |       |       |       |       |       ||   372
       Throw Flame       |     6 |     8 |    41 |   225 |   465 |   481 |   122 |    48 |    24 ||  1420
       Conjure Flame     |     2 |     6 |    22 |    17 |       |       |       |       |       ||    47
       Sticky Flame      |       |     1 |    10 |   123 |   123 |    89 |    38 |     6 |     6 ||   396
       Fireball          |       |       |     1 |    33 |    66 |    37 |    42 |    14 |     8 ||   201
       Repel Missiles    |       |       |       |     1 |     1 |     3 |     3 |     8 |     2 ||    18
       Stone Arrow       |       |       |       |    30 |   218 |   255 |    66 |    18 |     2 ||   589
       Bolt of Fire      |       |       |       |     1 |    94 |   165 |   468 |   370 |   153 ||  1251
       Iskenderun's Batt |       |       |       |       |    93 |   258 |     5 |     2 |     1 ||   359
       Orb of Destructio |       |       |       |       |       |    22 |   163 |   139 |    36 ||   360
       Blink             |       |       |       |       |       |     1 |     5 |    28 |     4 ||    38
       Ring of Flames    |       |       |       |       |       |       |     1 |     4 |     1 ||     6
       Fire Storm        |       |       |       |       |       |       |       |    70 |    12 ||    82
Invok: Divine Energy     |       |       |       |     1 |       |       |       |       |       ||     1
       Stop Divine Energ |       |       |       |     1 |       |       |       |       |       ||     1
       Forget Spell      |       |       |       |       |     2 |       |       |       |       ||     2
       Channel Magic     |       |       |       |       |       |     1 |     2 |     2 |     3 ||     8
Evoke: Wand              |       |       |       |       |     3 |     5 |       |     6 |     5 ||    19
  Use: Scroll            |     1 |       |     7 |    11 |    18 |    16 |     5 |     8 |     3 ||    69
       Potion            |       |       |       |     1 |     7 |     9 |     2 |     5 |     1 ||    25
  Eat: Chunk             |     4 |     7 |     4 |    38 |    54 |    43 |    81 |    53 |    13 ||   297
       Meat ration       |       |       |     2 |     3 |     2 |     8 |     1 |     2 |       ||    18
       Royal jelly       |       |       |     1 |       |     9 |     2 |     2 |       |     2 ||    16
       Beef jerky        |       |       |     1 |       |     2 |     3 |     2 |     1 |       ||     9
       Pizza             |       |       |       |     1 |     3 |     2 |     1 |     1 |       ||     8
       Fruit             |       |       |       |       |       |     3 |     2 |       |     1 ||     6
       Bread ration      |       |       |       |       |       |       |       |     1 |       ||     1
Armor: Robe              |     7 |     9 |    10 |    78 |       |       |       |       |       ||   104
       Ring mail         |       |       |       |     1 |    70 |    81 |       |       |       ||   152
       Mottled dragon sc |       |       |       |       |    50 |    51 |   134 |    63 |    66 ||   364
       Leather armour    |       |       |       |       |       |    59 |       |       |       ||    59
Dodge: Dodged            |    17 |    29 |    40 |   265 |   204 |   326 |   208 |   134 |   111 ||  1334
       Deflected         |       |       |       |     4 |     8 |    15 |    41 |    19 |     5 ||    92
Block: Buckler           |       |       |       |       |    53 |   129 |    81 |    66 |     7 ||   336
       Shield            |       |       |       |       |       |       |       |       |   117 ||   117

Skill      XL: |  1  2  3  4  5  6  7  8  9 10 11 12 13 14 15 16 17 18 19 20 21 22 23 24 25 |
---------------+----------------------------------------------------------------------------+-----
Fire Magic     | 4 5 6 8 10 11 12 13 14 16 18 19 21 22 23 24 | 24.2
Conjurations   | 2 4 5 6 8 10 11 12 13 14 15 16 18 19 21 22 23 24 25 | 25.4
Dodging        | 3 4 5 7 9 10 12 | 12.7
Spellcasting   | 5 6 9 11 13 14 16 18 20 21 22 24 | 24.8
Fighting       | 2 5 7 8 9 12 | 12.3
Charms         | 3 5 7 |  7.6
Earth Magic    | 2 |  2.1
Shields        | 1 4 7 12 13 | 13.3
Invocations    | 4 |  4.5
Armour         | 2 |  2.0
Translocations | 3 |  3.4
Stealth        | |  2.4
